 Dungeon Crawl Stone Soup version 0.20-a0-428-g059cf21 (webtiles) character file.

137 Da5id the Changer (level 5, -1/33 HPs)
             Began as an Octopode Transmuter on Jan 2, 2017.
             Slain by an orc
             ... wielding a +0 club
              (4 damage)
             ... on level 4 of the Dungeon.
             The game lasted 00:04:01 (3032 turns).

Da5id the Changer (Octopode Transmuter)             Turns: 3032, Time: 00:04:02

Health: -1/33      AC:  1    Str:  9    XL:     5   Next: 20%
Magic:  7/8        EV: 13    Int: 21    God:
Gold:   158        SH:  0    Dex: 12    Spells: 4/8 levels left

rFire  + . .     SeeInvis .       - Unarmed
rCold  . . .     Gourm    .     (no shield)
rNeg   . . .     Faith    .     (helmet restricted)
rPois  .         Spirit   .     (no amulet)
rElec  .         Reflect  .     g - +2 ring of intelligence
rCorr  .         Harm     .     (no ring)
MR     .....                    (no ring)
Stlth  +++.......               (no ring)
                                (no ring)
                                (no ring)
                                (no ring)
                                (no ring)

@: appendage
A: almost no armour, stealthy swim, amphibious, 8 rings, constrict 8, tentacle
spike 3, camouflage 2, clever 1, fire resistance 1, gelatinous body 1
a: End Transformation


You were on level 4 of the Dungeon.
You were hungry.
One of your tentacles had a temporary spike.
You visited 1 branch of the dungeon, and saw 5 of its levels.

You collected 158 gold pieces.

Inventory:

Missiles
 a - 78 arrows
Jewellery
 g - a +2 ring of intelligence (left tentacle)
Scrolls
 e - a scroll of enchant weapon {unknown}
 f - 2 scrolls of blinking {unknown}
 h - a scroll of fear {unknown}
 i - a scroll of teleportation {unknown}
 j - a scroll of identify {unknown}
 l - a scroll of amnesia {unknown}
 n - a scroll of remove curse {unknown}
Potions
 m - a potion of cancellation {unknown}
Books
 b - a book of Changes

   Spells                             Type                      Level
   a - Beastly Appendage              Transmutation                1
   b - Sticks to Snakes               Transmutation                2
   c - Spider Form                    Transmutation/Poison         3
   d - Ice Form                       Ice/Transmutation            4
   e - Blade Hands                    Transmutation                5
Comestibles
 c - 2 bread rations
 d - 2 chunks of flesh
 k - a meat ration


   Skills:
 - Level 1.0 Fighting
 - Level 2.0 Dodging
 - Level 3.0 Unarmed Combat
 - Level 2.0 Spellcasting
 + Level 5.2 Transmutations


You had 4 spell levels left.
You knew the following spells:

 Your Spells              Type           Power        Failure   Level  Hunger
a - Beastly Appendage     Tmut           ###...       1%          1    #......
b - Spider Form           Tmut/Pois      ##........   17%         3    ###....


Dungeon Overview and Level Annotations

Branches:
Dungeon (5/15)
 Temple: D:4-7

Altars:
Dithmenos
Gozag
Makhleb


Innate Abilities, Weirdness & Mutations

You cannot wear most types of armour.
You are very stealthy in the water. (Stealth+)
You are amphibious.
You can wear up to eight rings at the same time.
You can use your tentacles to constrict eight enemies at once.
Your skin blends seamlessly with your surroundings (Stealth++).
Your rubbery body absorbs attacks. (AC +1, EV +1)
One of your tentacles bears a large vicious spike.
Your mind is acute. (Int +2)
Your flesh is heat resistant. (rF+)


Message History

One of your tentacles grows a vicious spike.
The orc shouts!
You are feeling hungry.
You constrict the orc. The orc hits you.
You tentacle-slap the orc.
You kill the orc!
You closely miss the orc. Your grab misses the orc. The orc barely misses you.
The orc priest calls down the wrath of Beogh upon you.
Beogh smites you!
* * * LOW HITPOINT WARNING * * *
You tentacle-slap the orc. You grab the orc.
The orc is moderately wounded.
You constrict the orc. The orc barely misses you.
You tentacle-slap the orc.
You kill the orc!
You closely miss the orc. You grab the orc.
You constrict the orc, but do no damage.
The orc closely misses you.
You barely miss the orc. You constrict the orc. The orc hits you with a club.
You die...

#o# #.# # #.# #.# # #o# #.#
## ##o## ##'## #. ##...##
##...## #. ##.###.##
##.....## ##. #.## ##.#
##.......## ##.# #.#
#.####.........####... #.##
##.oo@'.........'......
##.###..####.........####...
##....## ##.......## ##.#
###.## ##.....## ### #.#
##...## #.# ##+## ###.# #.#
####...### #># #........#
##.##


You could see an orc priest and an orc.

Vanquished Creatures
  An orc wizard (D:4)
  A worker ant (D:4)
  3 adders
  An adder zombie (D:5)
  A worm (D:2)
  2 dart slugs (D:1)
  3 leopard geckos
  2 orcs (D:4)
  A giant cockroach (D:2)
  5 goblins
  A hobgoblin (D:1)
  8 jackals
  3 kobolds (D:1)
  A quokka (D:4)
  6 bats
  2 frilled lizards
  A rat (D:1)
42 creatures vanquished.

Notes
Turn   | Place    | Note
-------+----------+-------------------------------------------
     0 | D:1      | Da5id the Octopode Transmuter began the quest for the Orb.
     0 | D:1      | Reached XP level 1. HP: 13/13 MP: 3/3
    64 | D:1      | Reached XP level 2. HP: 17/18 MP: 5/5
    75 | D:1      | Reached skill level 3 in Transmutations
   437 | D:1      | Reached XP level 3. HP: 23/23 MP: 6/6
  1120 | D:2      | Found a shadowy altar of Dithmenos.
  1538 | D:2      | Found an opulent altar of Gozag.
  1767 | D:2      | Found a faded altar of an unknown god.
  1882 | D:3      | You fall through a shaft for 2 floors!
  1882 | D:5      | Entered Level 5 of the Dungeon
  1960 | D:5      | Gained mutation: Your flesh is heat resistant. (rF+) [potion of mutation]
  1960 | D:5      | Gained mutation: Your mind is acute. (Int +2) [potion of mutation]
  1960 | D:5      | Gained mutation: Your skin blends seamlessly with your surroundings (Stealth++). [potion of mutation]
  1973 | D:5      | Reached skill level 4 in Transmutations
  1977 | D:5      | Reached XP level 4. HP: 15/28 MP: 7/7
  2521 | D:5      | Learned a level 3 spell: Spider Form
  2534 | D:5      | Found a burning altar of Makhleb.
  3021 | D:4      | Reached skill level 5 in Transmutations
  3021 | D:4      | Reached XP level 5. HP: 21/33 MP: 8/8
  3032 | D:4      | Slain by an orc

Vault maps used:
D:1:      minmay_arrival_solitary_statue
D:2:      grunt_gozag_breadcrumbs, first_bread,
          chequers_ecumenical_altar_simple, grunt_dithmenos_smoke_and_mirrors
D:3:      okawaru_altar_gauntlet_db, uniq_robin
D:4:      elyvilon_altar_5
D:5:      kennysheep_mini_moat, nicolae_overflow_hidden_temple,
          water_boxes_lemuel, uniq_sigmund

Skill      XL: |  1  2  3  4 |
---------------+-------------+-----
Transmutations | 3 4 5 |  5.2
Fighting       | |  1.0
Dodging        | |  2.0
Unarmed Combat | |  3.0
Spellcasting   | |  2.0

Action                   |  1- 3 |  4- 6 || total
-------------------------+-------+-------++-------
Melee: Unarmed           |    83 |    51 ||   134
       Constrict         |    19 |    12 ||    31
       Tentacles         |    10 |     6 ||    16
       Punch             |     1 |     1 ||     2
       Kick              |       |     3 ||     3
 Cast: Beastly Appendage |       |     2 ||     2
  Use: Potion            |     3 |       ||     3
 Stab: Sleeping          |     5 |     2 ||     7
  Eat: Meat ration       |     1 |       ||     1
       Chunk             |       |     1 ||     1
Armor: Skin              |    10 |     5 ||    15
Dodge: Dodged            |    75 |    35 ||   110
